 Dungeon Crawl Stone Soup version 0.28-a0-245-g639a1a48b9 (webtiles) character file.

Game seed: 14819053671702005990

43 siradein the Vexing (level 3, 13/20 HPs)
             Began as a Deep Elf Arcane Marksman on Aug 25, 2021.
             Quit the game on level 2 of the Dungeon.
             The game lasted 00:04:20 (1643 turns).

siradein the Vexing (Deep Elf Arcane Marksman)      Turns: 1643, Time: 00:04:20

Health: 13/20      AC:  2    Str:  7    XL:     3   Next: 37%
Magic:  8/9        EV: 12    Int: 23    God:
Gold:   73         SH:  0    Dex: 16    Spells: 4/7 levels left

rFire   . . .      SeeInvis .   a - +0 shortbow
rCold   . . .      Faith    .   (shield currently unavailable)
rNeg    . . .      Spirit   .   d - +0 robe
rPois   .          Reflect  .   (no helmet)
rElec   .          Harm     .   (no cloak)
rCorr   .          Rampage  .   (no gloves)
Will    .....                   (no boots)
Stlth   +.........              (no amulet)
HPRegen 0.06/turn               i - +6 ring of intelligence
MPRegen 0.11/turn               (no ring)

@: no status effects
A: no striking features
a: no special abilities


You were on level 2 of the Dungeon.
You visited 1 branch of the dungeon, and saw 2 of its levels.

You collected 73 gold pieces.

Inventory:

Hand Weapons
 a - a +0 shortbow (weapon)
Armour
 d - a +0 robe (worn)
Jewellery
 i - a +6 ring of intelligence (left hand)
Scrolls
 e - a scroll of blinking {unknown}
 f - a scroll of amnesia {unknown}
 h - a scroll of identify {unknown}
 j - a scroll of immolation {unknown}
Potions
 b - a potion of curing {unknown}
 g - a potion of brilliance {unknown}


   Skills:
 - Level 0.7 Fighting
 + Level 3.7 Bows
 - Level 2.4 Dodging
 + Level 2.9 Spellcasting
 + Level 4.7 Hexes


You had 4 spell levels left.
You knew the following spells:

 Your Spells              Type           Power      Damage    Failure   Level
a - Corona                Hex            27%        N/A       1%          1
b - Slow                  Hex            25%        N/A       2%          2

Your spell library contained the following spells:

 Spells                   Type           Power      Damage    Failure   Level
 Inner Flame              Hex/Fire       14%        N/A       13%         3
 Portal Projectile        Hex/Tloc       28%        N/A       13%         3
 Cause Fear               Hex            12%        N/A       17%         4


Dungeon Overview and Level Annotations

Branches:
Dungeon (2/15)

Altars:


Message History

You are no longer poisoned.
The adder bites you.
You are poisoned.
The adder poisons you!
Fire: 3 arrows
Press: ? - help, Q - select action, (/) - cycle Shift-Dir - straight line, f/p - adder
Aim: an adder (almost dead, slow, softly glowing, 60% to hit)
You shoot an arrow. The arrow hits the adder.
You kill the adder!
You feel sick.
You feel sick.
You feel sick.
You feel sick.
You feel sick.
You are no longer poisoned.
Magic restored.
A worm comes into view.
A worm is nearby!
A worm is nearby!
A worm is nearby!
A worm is nearby!
Casting: Corona (safe; 1% risk of failure)
Confirm with . or Enter, or press ? or * to list all spells.
Aiming: Corona (safe; 1% risk of failure)
Press: ? - help, Shift-Dir - straight line, f - worm
Aim: a worm (wandering, hasn't noticed you, chance to affect: 73%)
The worm is outlined in light.
Fire: 2 arrows
Press: ? - help, Q - select action, (/) - cycle Shift-Dir - straight line, f/p - worm
Aim: a worm (softly glowing, 97% to hit)
You shoot an arrow.
The arrow hits the worm but does no damage.
Unknown command.
Fire: arrow
Press: ? - help, Q - select action, (/) - cycle Shift-Dir - straight line, f/p - worm
Aim: a worm (softly glowing, 97% to hit)
You shoot an arrow. The arrow hits the worm.
The worm is lightly wounded.
Unknown command.
Are you sure you want to abandon this character and quit the game? (Confirm with "yes".)

.........
#(......
#(....#
#w....
#..#.##
#.###<.#..#
#........#
#####..###
#@.#
....(((..#
#######.##
#.# #!# #..
#.# #.#


You could see a worm (corona).

Vanquished Creatures
  An adder (D:2)
  2 dart slugs (D:1)
  3 ball pythons (D:1)
  2 bats (D:1)
  An endoplasm (D:1)
  2 giant cockroaches (D:1)
  A goblin (D:1)
  2 hobgoblins (D:1)
  9 kobolds
  A quokka (D:1)
  2 frilled lizards (D:1)
  2 rats (D:1)
28 creatures vanquished.

Notes
Turn   | Place    | Note
-------+----------+-------------------------------------------
     0 | D:1      | siradein the Deep Elf Arcane Marksman began the quest for
                  | the Orb.
     0 | D:1      | Reached XP level 1. HP: 11/11 MP: 5/5
   172 | D:1      | Reached XP level 2. HP: 16/16 MP: 5/7
   413 | D:1      | Learned a level 2 spell: Slow
   876 | D:1      | Reached XP level 3. HP: 20/20 MP: 8/8
   876 | D:1      | Found a faded altar of an unknown god.
  1643 | D:2      | Quit the game

Illustrated notes

Levels and vault maps discovered:
D:1:      eino_arrival_druids_welcome, layout_basic,
          hellmonk_ecumenical_altar_lost_god, minmay_misc_feat_tiny
D:2:      minmay_alternating_diamond, layout_loops_ring

Skill      XL: |  1 |
---------------+----+-----
Bows           | 3 |  3.7
Spellcasting   | 2 |  2.9
Fighting       | |  0.7
Dodging        | |  2.4
Hexes          | |  4.7

Action                   || total
-------------------------++-------
 Fire: Shortbow          ||    81
 Cast: Corona            ||    18
       Slow              ||     3
Armor: Robe              ||     1
Dodge: Dodged            ||    17

Table legend: (Time is in decaauts)
 A = Elapsed time spent in this place.
 B = Non-inter-level travel time spent in this place.
 C = Inter-level travel time spent in this place.
 D = Time resting spent in this place.
 E = Time spent auto-exploring this place.
 F = Levels seen in this place.
 G = Mean time per level.
                   A        B        C        D        E       F      G
               +--------+--------+--------+--------+--------+-----+--------+
         Total |   1653 |   1632 |     21 |      0 |   1442 |   2 |  826.5 |
       Dungeon |   1653 |   1632 |     21 |      0 |   1442 |   2 |  826.5 |
               +--------+--------+--------+--------+--------+-----+--------+

Top non-repeatable levels by time:
     D:1: 1540 daAuts
     D:2: 112 daAuts
